 Dungeon Crawl Stone Soup version 0.20.2-3-g29329e0561 (webtiles) character file.

184 Alfie the Shooter (level 5, -2/45 HPs)
             Began as a Deep Dwarf Hunter on Aug 25, 2020.
             Slain by an orc priest
             ... wielding a +3 hand axe
              (3 damage)
             ... on level 4 of the Dungeon on Aug 26, 2020.
             The game lasted 00:10:38 (3438 turns).

Alfie the Shooter (Deep Dwarf Hunter)               Turns: 3438, Time: 00:10:38

Health: -2/45      AC:  3    Str: 16    XL:     5   Next: 36%
Magic:  5/5        EV: 13    Int: 12    God:
Gold:   305        SH:  0    Dex: 13    Spells: 3/4 levels left

rFire    . . .     SeeInvis .   a - +1 shortbow
rCold    . . .     Gourm    .   (shield currently unavailable)
rNeg     . . .     Faith    .   c - +0 leather armour
rPois    .         Spirit   .   (no helmet)
rElec    .         Reflect  .   (no cloak)
rCorr    .         Harm     .   (no gloves)
MR       .....                  (no boots)
Stlth    +++.......             (no amulet)
Regen    0.0/turn               i - ring of stealth
MPRegen  0.1/turn               l - +1 ring of evasion

@: about to teleport, non-regenerating
A: damage resistance, heal wounds, talons 1, sense surroundings 1, sturdy frame
1, no regeneration
a: Heal Wounds


You were on level 4 of the Dungeon.
You were not hungry.

You visited 1 branch of the dungeon, and saw 4 of its levels.

You collected 305 gold pieces.

Inventory:

Hand Weapons
 a - a +1 shortbow (weapon)
 b - a +1 short sword
 s - a +0 hand crossbow
Armour
 c - a +0 leather armour (worn)
Jewellery
 i - a ring of stealth (left hand)
 l - a +1 ring of evasion (right hand)
Scrolls
 e - a scroll of immolation
 j - a scroll of teleportation
 k - a scroll of fog {unknown}
 r - 2 scrolls of identify
Potions
 h - a potion of resistance
 m - a potion of magic
 p - a potion of flight
Books
 n - a book of Air

   Spells                             Type                      Level
   a - Shock                          Conjuration/Air              1
   b - Swiftness                      Charms/Air                   2
   c - Static Discharge               Conjuration/Air              3
   d - Airstrike                      Air                          4
   e - Lightning Bolt                 Conjuration/Air              5
 q - a book of Callings

   Spells                             Type                      Level
   a - Summon Small Mammal            Summoning                    1
   b - Call Imp                       Summoning                    2
   c - Call Canine Familiar           Summoning                    3
   d - Summon Guardian Golem          Hexes/Summoning              3
   e - Summon Lightning Spire         Summoning/Air                4
   f - Summon Ice Beast               Ice/Summoning                4
Comestibles
 f - 3 bread rations
 g - 4 royal jellies
 o - 3 meat rations


   Skills:
 + Level 2.1 Fighting
 + Level 0.1 Short Blades
 + Level 4.6 Bows
 + Level 1.5 Armour
 + Level 2.5 Dodging
 + Level 1.4 Stealth


You had 3 spell levels left.
You knew the following spells:

 Your Spells              Type           Power        Failure   Level  Hunger
a - Summon Small Mammal   Summ           #...         34%         1    ##.....


Dungeon Overview and Level Annotations

Branches:
Dungeon (4/15)
 Temple: D:4-7

Altars:
Vehumet
The Shining One


Innate Abilities, Weirdness & Mutations

You are resistant to damage.
You can heal yourself by infusing magical energy.
You passively map a small area around you.
You do not regenerate.
You have sharp toenails.
Your movements are slightly less encumbered by armour. (ER -2)


Message History

Aim: an orc, wielding a dagger and wearing a chain mail (moderately wounded)
You shoot an arrow. The arrow barely misses the orc.
The orc priest hits you with an enchanted hand axe!
The orc hits you with a dagger.
* * * LOW HITPOINT WARNING * * *
Firing (i - inventory):
d - an arrow (quivered)
Press: ? - help, Shift-Dir - straight line, f/p - orc
Aim: an orc, wielding a dagger and wearing a chain mail (moderately wounded)
You shoot an arrow.
The arrow hits the orc but does no damage.
The orc is moderately wounded.
The orc priest mumbles some strange prayers to Beogh against you.
Pain shoots through your body!
* * * LOW HITPOINT WARNING * * *
The orc hits you but does no damage.
Okay, then.
As you read the scroll of teleportation, it crumbles to dust.
You feel strangely unstable.
The orc priest hits you with an enchanted hand axe.
You die...

#......#.....#...# ,, ,
'......#.....'...# , , ,
#+###..#.....#####
....##'#....## ##+#,
....#..#....# .(.# *
....#..#....# (.(# ,
....#..#....# ...
....####....#####o###>..
###.............@o......
#.....................
#..................... ,
###.....................
....####.....#########+#
, * ....#..#.....# ,
....#..#.....# , ,, , ,+
* ....#..#.....# ,
....#..#.....#+## *


You could see an orc priest and an orc.

Vanquished Creatures
  A hound (D:4)
  5 adders
  2 worms
  3 dart slugs
  5 leopard geckos
  7 orcs
  3 giant cockroaches
  9 goblins
  13 hobgoblins
  3 quokkas
  11 bats
  8 frilled lizards
  9 kobolds
  7 rats
86 creatures vanquished.

Notes
Turn   | Place    | Note
-------+----------+-------------------------------------------
     0 | D:1      | Alfie the Deep Dwarf Hunter began the quest for the Orb.
     0 | D:1      | Reached XP level 1. HP: 19/19 MP: 1/1
    18 | D:1      | Reached skill level 3 in Bows
   159 | D:1      | Reached XP level 2. HP: 26/26 MP: 2/2
   866 | D:2      | Reached XP level 3. HP: 32/32 MP: 3/3
  1202 | D:2      | Reached skill level 4 in Bows
  1518 | D:2      | Reached XP level 4. HP: 34/39 MP: 4/4
  2128 | D:3      | Learned a level 1 spell: Summon Small Mammal
  2351 | D:3      | Reached skill level 1 in Armour
  2416 | D:3      | Gained mutation: Your movements are slightly less encumbered by armour. (ER -2) [potion of mutation]
  2416 | D:3      | Gained mutation: You have sharp toenails. [potion of mutation]
  2427 | D:3      | Found a glowing golden altar of the Shining One.
  2427 | D:3      | You fall through a shaft!
  2511 | D:4      | Found a radiant altar of Vehumet.
  2932 | D:4      | Reached XP level 5. HP: 33/45 MP: 5/5
  3437 | D:4      | HP: 1/45 [orc priest/nerve-wracking pain (9)]
  3438 | D:4      | Slain by an orc priest

Skill      XL: |  1  2  3  4 |
---------------+-------------+-----
Bows           | 3 4 |  4.6
Fighting       | 2 |  2.1
Armour         | 1 |  1.5
Short Blades   | |  0.1
Dodging        | |  2.5
Stealth        | |  1.4

Action                   |  1- 3 |  4- 6 || total
-------------------------+-------+-------++-------
Melee: Short sword       |       |    40 ||    40
 Fire: Shortbow          |   114 |   108 ||   222
  Use: Scroll            |     4 |     2 ||     6
       Potion            |       |     8 ||     8
  Eat: Bread ration      |     1 |       ||     1
       Fruit             |       |     3 ||     3
       Royal jelly       |       |     1 ||     1
Armor: Leather armour    |     9 |    18 ||    27
Dodge: Dodged            |    14 |    56 ||    70
